 Dungeon Crawl Stone Soup version 0.28.0 (webtiles) character file.

Game seed: 16741781199148032773

684 AmazingTV the Covert (level 7, 0/33 HPs)
             Began as a Spriggan Brigand on June 23, 2022.
             Was an Initiate of Elyvilon.
             Killed from afar by an orc wizard (7 damage)
             ... with a magic dart
             ... on level 5 of the Dungeon.
             The game lasted 00:21:53 (8151 turns).

AmazingTV the Covert (Spriggan Brigand)             Turns: 8151, Time: 00:21:53

Health: 0/33       AC:  2    Str:  9    XL:     7   Next: 35%
Magic:  8/8        EV: 16    Int: 12    God:    Elyvilon [......]
Gold:   164        SH:  0    Dex: 17    Spells: 6/6 levels left

rFire   . . .      SeeInvis +   a - +2 dagger
rCold   + . .      Faith    .   (no shield)
rNeg    . . .      Spirit   .   b - +0 robe
rPois   .          Reflect  .   (helmet restricted)
rElec   .          Harm     .   q - scarf {shadows}
rCorr   .          Rampage  .   (gloves unavailable)
Will    +....                   (boots unavailable)
Stlth   ++++++....              (no amulet)
HPRegen 0.11/turn               u - ring of protection from cold
MPRegen 0.11/turn               (no ring)

@: very quick
A: very small, no large weapons, unfitting armour, see invisible, speed 3
a: Renounce Religion


You were on level 5 of the Dungeon.
You worshipped Elyvilon.
Elyvilon was noncommittal.
You visited 2 branches of the dungeon, and saw 6 of its levels.

You collected 192 gold pieces.
You spent 28 gold pieces at shops.

Inventory:

Hand Weapons
 a - a +2 dagger (weapon)
Missiles
 d - 2 poisoned darts (quivered)
 e - 2 curare-tipped darts
 h - 120 stones
 r - 56 sling bullets
 t - 20 arrows
 w - 4 datura-tipped darts
Armour
 b - a +0 robe (worn)
 c - a +0 cloak
 q - a scarf of shadows (worn)
Jewellery
 k - a ring of fire
 u - a ring of protection from cold (left hand)
 v - a ring of ice
Scrolls
 g - 2 scrolls of blinking {unknown}
 j - a scroll of holy word {unknown}
 o - 6 scrolls of identify {unknown}
 s - a scroll of amnesia {unknown}
 x - a scroll of fear {unknown}
 y - a scroll of teleportation {unknown}
Potions
 f - a potion of flight {unknown}
 i - a potion of brilliance {unknown}
 l - a potion of degeneration {unknown}
 m - a potion of heal wounds {unknown}
 n - a potion of might {unknown}
 p - 2 potions of mutation {unknown}
 z - a potion of resistance {unknown}
 A - a potion of curing {unknown}


   Skills:
 - Level 1.5 Fighting
 - Level 2.1 Short Blades
 - Level 2.0 Throwing
 - Level 1.3 Dodging
 * Level 13.6 Stealth


You had 6 spell levels left.
You didn't know any spells.
Your spell library contained the following spells:

 Spells                   Type           Power      Damage    Failure   Level
 Fireball                 Conj/Fire      0%         3d3       100%        5
 Starburst                Conj/Fire      0%         6d3       100%        6
 Ignition                 Fire           0%         3d3       100%        8


Dungeon Overview and Level Annotations

Branches:
Dungeon (5/15)             Temple (1/1) D:4

Altars:
Ashenzari
Cheibriados
Dithmenos
Elyvilon
Gozag
Hepliaklqana
Kikubaaqudgha
Makhleb
Nemelex Xobeh
Ru
Sif Muna
Trog
Vehumet
Wu Jian
Yredelemnul
The Shining One

Shops:
D:2 =   D:3 (


Innate Abilities, Weirdness & Mutations

You are very small and have problems with some larger weapons.
You are too small for most types of armour.
You have supernaturally acute eyesight. (SInv)
You cover ground extremely quickly. (Speed+++)


Message History

You hit the orc wizard.
The orc wizard is moderately wounded.
The orc wizard misses you.
You hit the orc wizard.
The orc wizard is moderately wounded.
The orc closely misses you.
The orc wizard hits you with a +0 dagger.
You completely miss the orc wizard.
The orc wizard is moderately wounded.
The orc hits you with a +0 short sword. The orc wizard closely misses you.
You hit the orc wizard but do no damage.
The orc wizard is moderately wounded.
The orc misses you.
You closely miss the orc wizard.
The orc wizard is moderately wounded.
The orc wizard hits you with a +0 dagger.
The orc misses you.
You hit the orc wizard but do no damage.
The orc wizard is moderately wounded.
The orc wizard hits you but does no damage.
The orc closely misses you.
You hit the orc wizard.
The orc wizard is heavily wounded.
The orc wizard hits you with a +0 dagger.
The orc hits you with a +0 short sword.
You hit the orc wizard.
The orc wizard is severely wounded.
The orc wizard hits you with a +0 dagger.
The orc closely misses you.
You hit the orc wizard.
The orc wizard is severely wounded.
The orc wizard gestures at you while chanting.
The puff of flame hits you.
* * * LOW HITPOINT WARNING * * *
The orc misses you.
You barely miss the orc wizard.
The orc wizard is severely wounded.
The orc wizard casts a spell at you. The magic dart hits you!
You die...

###############.
##########....oo.o(.).((.
#.......##.#############.
.####...o.......
#....@o.###### #.#.#####
#.#.# #.#.# #.#.# #s#.#
#.#.## # ### #
##....###.# ##.##
#.#..>#.....# ##.#.#


You could see an orc wizard and an orc.

Vanquished Creatures
  Duvessa (D:4)
  A black bear (D:4)
  An ogre (D:4)
  Dowan (D:4)
  A bullfrog zombie (D:5)
  A gnoll shaman (D:4)
  An orc priest (D:5)
  Terence (D:2)
  8 gnolls (D:4)
  7 adders
  A worm (D:3)
  3 dart slugs
  6 orcs
  6 ball pythons
  8 bats
  12 endoplasms
  3 giant cockroaches
  4 goblins
  7 hobgoblins
  3 jackals (D:4)
  6 quokkas
  3 frilled lizards
  4 kobolds
  5 rats
94 creatures vanquished.

Notes
Turn   | Place    | Note
-------+----------+-------------------------------------------
     0 | D:1      | AmazingTV the Spriggan Brigand began the quest for the Orb.
     0 | D:1      | Reached XP level 1. HP: 10/10 MP: 2/2
    62 | D:1      | Reached skill level 6 in Stealth
   256 | D:1      | Reached XP level 2. HP: 14/14 MP: 3/3
   394 | D:1      | Found a faded altar of an unknown god.
   398 | D:1      | Reached skill level 7 in Stealth
   797 | D:1      | Reached XP level 3. HP: 15/18 MP: 4/4
  1186 | D:2      | Found Roluvvie's Jewellery Emporium.
  1799 | D:2      | Reached skill level 8 in Stealth
  2107 | D:2      | Noticed Terence
  2138 | D:2      | Killed Terence
  2139 | D:2      | Reached XP level 4. HP: 22/22 MP: 5/5
  2313 | D:3      | Reached skill level 9 in Stealth
  2770 | D:3      | HP: 1/22 [worm (11)]
  3216 | D:3      | Found Rehar's Weapon Shop.
  3223 | D:3      | Bought 6 poisoned darts for 28 gold pieces
  3620 | D:4      | Noticed Duvessa
  3620 | D:4      | Noticed Dowan
  3622 | D:4      | Killed Dowan
  3623 | D:4      | Reached skill level 10 in Stealth
  3623 | D:4      | Reached XP level 5. HP: 17/25 MP: 6/6
  3753 | D:4      | Noticed a black bear
  3755 | D:4      | Killed a black bear
  3756 | D:4      | Reached skill level 11 in Stealth
  3756 | D:4      | Reached XP level 6. HP: 30/30 MP: 7/7
  4030 | D:4      | Found a staircase to the Ecumenical Temple.
  4128 | Temple   | Entered the Ecumenical Temple
  4198 | Temple   | Became a worshipper of Elyvilon the Healer
  4431 | D:4      | Reached skill level 12 in Stealth
  5300 | D:4      | Found an ornate altar of the Wu Jian Council.
  5990 | D:4      | Found a sparkling altar of Nemelex Xobeh.
  6181 | D:4      | Killed Duvessa
  6182 | D:4      | Reached skill level 13 in Stealth
  6182 | D:4      | Reached XP level 7. HP: 24/33 MP: 8/8
  7311 | D:5      | Entered Level 5 of the Dungeon
  8151 | D:5      | Killed from afar by an orc wizard

Illustrated notes

Levels and vault maps discovered:
D:1:      dpeg_arrival_three_bigger_balls, layout_basic,
          ebering_ecumenical_altar_webs
D:2:      layout_loops_corners, serial_shops, nicolae_shop_hallway_stairs,
          uniq_terence
D:3:      layout_loops_ring, serial_shops, nicolae_shop_bloodbath_and_beyond
D:4:      layout_basic, pdpol_wu_jian_five_deadly_venoms, nemelex_altar_shiori,
          minmay_temple_entry_enclosed_plants, uniq_duvessa
D:5:      layout_loops_ring, serial_shops, nicolae_inconvenience_store,
          uniq_prince_ribbit1, uniq_eustachio
Temple:   eino_temple_water

Skill      XL: |  1  2  3  4  5  6 |
---------------+-------------------+-----
Stealth        | 6 7 8 10 11 13 | 13.6
Fighting       | |  1.5
Short Blades   | |  2.1
Throwing       | |  2.0
Dodging        | |  1.3

Action                   |  1- 3 |  4- 6 |  7- 9 || total
-------------------------+-------+-------+-------++-------
Melee: Dagger            |   107 |   175 |    93 ||   375
       Punch             |       |     1 |     3 ||     4
Throw: Dart              |     5 |    49 |    16 ||    70
 Stab: Sleeping          |    17 |    17 |     3 ||    37
       Distracted        |       |       |     2 ||     2
Armor: Robe              |     9 |    19 |     4 ||    32
Dodge: Dodged            |    55 |   129 |    52 ||   236
